 Dungeon Crawl Stone Soup version 0.30.1-11-g7821555f0a (webtiles) character file.

Game seed: 17165524269977554460

106 lonewolfV2 the Covered (level 4, -2/35 HPs)
             Began as a Demonspawn Fighter on Oct 27, 2023.
             Slain by Terence
             ... wielding a +2 hand axe of electrocution
              (17 damage)
             ... on level 2 of the Dungeon.
             The game lasted 00:01:55 (1325 turns).

lonewolfV2 the Covered (Demonspawn Fighter)         Turns: 1325, Time: 00:01:56

Health: -2/35      AC: 10    Str: 18    XL:     4   Next: 55%
Magic:  4/4        EV: 13    Int: 10    God:
Gold:   30         SH:  4    Dex: 12    Spells: 3/3 levels left

rFire   . . .        a - +0 war axe
rCold   . . .        c - +0 buckler
rNeg    . . .        b - +0 scale mail
rPois   .            (no helmet)
rElec   .            f - +2 cloak
rCorr   .            (no gloves)
SInv    .            (no boots)
Will    .....        (no amulet) Stlth
                     (no ring)
HPRegen 0.25/turn    (no ring)
MPRegen 0.09/turn

%: no passive effects
@: no status effects
A: repulsion field 2, demonic magic 1
a: no special abilities


You were on level 2 of the Dungeon.
You visited 1 branch of the dungeon, and saw 2 of its levels.

You collected 30 gold pieces.

Inventory:

Hand Weapons
 a - a +0 war axe (weapon)
Armour
 b - a +0 scale mail (worn)
 c - a +0 buckler (worn)
 f - a +2 cloak (worn)
Jewellery
 k - a ring of magical power
Scrolls
 h - 2 scrolls of identify {unknown}
 i - a scroll of blinking {unknown}
Potions
 d - 2 potions of might
 e - 2 potions of curing {unknown}
 g - a potion of mutation {unknown}
 j - a potion of degeneration {unknown}
 l - 2 potions of haste {unknown}


   Skills:
 - Level 3.0 Fighting
 - Level 1.7 Axes
 + Level 3.3 Armour
 * Level 2.6 Dodging
 + Level 3.3 Shields


You had 3 spell levels left.
You didn't know any spells.
Your spell library was empty.

Dungeon Overview and Level Annotations

Branches:
Dungeon (2/15)

Altars:

Annotations:
D:2 Terence


Innate Abilities, Weirdness & Mutations

You are surrounded by a moderate repulsion field. (EV +3)
Spells you cast may paralyse adjacent enemies.


Message History

Terence shouts, "Get ready for death!"
You closely miss the adder.
The adder is moderately wounded.
You block the adder's attack. The adder bites you.
You closely miss the adder.
The adder is moderately wounded.
You block the adder's attack. The adder bites you but does no damage.
Terence screams, "I'm going to kill you!"
You barely miss the adder.
The adder is moderately wounded.
You block the adder's attack. The adder closely misses you.
You miss the adder.
The adder is moderately wounded.
The adder bites you.
You are poisoned.
The adder poisons you!
You closely miss the adder.
The adder is moderately wounded.
You feel sick. The adder closely misses you.
The adder bites you but does no damage.
You barely miss the adder.
The adder is moderately wounded.
You feel sick. The adder misses you. x2
You miss the adder.
The adder is moderately wounded.
You feel sick.
You are no longer poisoned.
The adder closely misses you. The adder completely misses you.
You slash the adder!
You kill the adder!
You barely miss Terence. Terence misses you.
Terence hits you but does no damage.
You are electrocuted!
You barely miss Terence. Terence hits you but does no damage.
You barely miss Terence. Terence barely misses you.
Terence hits you with a +2 hand axe of electrocution.
You slash Terence!
Terence is heavily wounded.
Terence says, "Time to say good-bye..."
Terence hits you but does no damage.
You are electrocuted!
You die...

#........# #. #.......##
♣. #..#.##.####.
#..#.##.##...
######............
#.......#♣#♣.♣#♣##
#.#####..........#
###.###.#####.#♣.....♣.#
#......@...##.##.......#
..#.###@##.##.#♣.....♣.#
#.###.##.##..........#
.....(.........♣#♣#♣.♣.#
#.....PP.....###..####...#
#.....♣♣♣♣...............>
#...PP♣♣♣♣.).#............
#...♣P.♣.♣†P.<............
#.....P♣♣P†#....######...#


You could see Terence.

Vanquished Creatures
  An iguana (D:2)
  5 adders (D:2)
  2 worms (D:2)
  10 endoplasms
  3 goblins
  3 hobgoblins
  2 kobolds
  A ball python (D:2)
  2 frilled lizards
  3 rats (D:2)
32 creatures vanquished.

Notes
Turn   | Place    | Note
-------+----------+-------------------------------------------
     0 | D:1      | lonewolfV2 the Demonspawn Fighter began the quest for the
                  | Orb.
     0 | D:1      | Reached XP level 1. HP: 18/18 MP: 1/1
    87 | D:1      | Reached skill level 1 in Dodging
    87 | D:1      | Gained mutation: Spells you cast may paralyse adjacent
                  | enemies. [demonic ancestry]
    87 | D:1      | Reached XP level 2. HP: 13/24 MP: 2/2
   935 | D:2      | Gained mutation: You are surrounded by a mild repulsion
                  | field. (EV +2) [demonic ancestry]
   935 | D:2      | Reached XP level 3. HP: 18/29 MP: 3/3
  1191 | D:2      | Gained mutation: You are surrounded by a moderate repulsion
                  | field. (EV +3) [demonic ancestry]
  1191 | D:2      | Reached XP level 4. HP: 30/35 MP: 4/4
  1305 | D:2      | Noticed Terence
  1325 | D:2      | Slain by Terence

Illustrated notes

Levels and vault maps discovered:
D:1:      scummos_arrival_star, layout_basic
D:2:      layout_loops_cross, serial_forest, infiniplex_forest_lined_room_2,
          infiniplex_forest_lined_room_, infiniplex_forest_lined_room_2,
          infiniplex_forest_corner_1, infiniplex_forest_lined_2,
          infiniplex_forest_clump_medium, uniq_terence

Skill      XL: |  1  2  3 |
---------------+----------+-----
Dodging        | 1 2 |  2.6
Armour         | 3 |  3.3
Shields        | 3 |  3.3
Fighting       | |  3.0
Axes           | |  1.7

Action                     |  1- 3 |  4- 6 || total
---------------------------+-------+-------++-------
  Melee: War axe           |    94 |    26 ||   120
    Use: Scroll            |     2 |       ||     2
 Armour: Scale mail        |    35 |    10 ||    45
  Dodge: Dodged            |    47 |    24 ||    71
  Block: Buckler           |    18 |     5 ||    23
